[Event "*** Titled Tuesday Blitz"]
[Site "Chess.com"]
[Date "2019.09.03"]
[Round "4"]
[White "newauto"]
[Black "novocane"]
[Result "1-0"]
[WhiteElo "1936"]
[BlackElo "2180"]
[TimeControl "180+2"]
[EndTime "15:55:33 PDT"]
[Termination "newauto won by resignation"]

1. e4 c5 2. Nf3 Nc6 3. Bb5 Nf6 4. Bxc6 dxc6 5. d3 Bg4 6. O-O Qc7 7. h3 Bh5 8. Bg5 Nd7 9. Bh4 e5 10. Bg5 f6 11. Be3 Bd6 12. a4 a5 13. Nbd2 Bf7 14.
Nc4 Be7 15. b3 b6 16. Nh4 g5 17. Nf5 h5 18. g4 Bg6 19. Ng7+ Kf7 20. Nf5 Bxf5 21. gxf5 Rag8 22. Kg2 Rg7 23. Qe2 Bd6 24. Rh1 Ke7 25. Rag1 Nb8 26. Kf1 Na6 27. h4 g4 28.
Kg2 Rhg8 29. Kg3 Kd7 30. c3 Kc8 31. Rb1 Rd7 32. Rhc1 Rgd8 33. Rd1 Bf8 34. Qc2 Qa7 35. Qe2 Bd6 36. Rbc1 Bc7 37. Rb1 Nb8 38. Rbc1 Re7 39.
Rb1 Nd7 40. Nd2 Nf8 41. Nf1 Red7 42. Kh2 Rd6 43. Ng3 Nd7 44. Nxh5 Qa6 45. c4 Rh8 46. Qxg4 Rd4 47. Ng7 Kb7 48. h5 Qa8 49. h6 Qf8 50. Ne6 Qf7 51. Bxd4 exd4+ 52. Kg2 Rxh6 53. Rh1 Rxh1 54.
Rxh1 Ne5 55. Qg7 Qxg7+ 56. Nxg7 Nxd3 57. Kf3 Ne5+ 58. Ke2 b5 59. Ne6 Kb6 60. Rh7 Bd6 61. Rh6 bxc4 62. bxc4 Nxc4 63. Rxf6 Ne5 64. Ng7 Bc7 65. Ne8 c4 66. Nxc7 d3+ 67. Kd2 Kxc7 68. Re6 Ng4 69. f6 Kd7 70. Re7+ Kd6 71. e5+ Kc5 72.
f7 Kd4 73. f8=Q c3+ 74. Ke1 Nxf2 75. Qxf2+ Kc4 76. Rd7 d2+ 77. Rxd2 cxd2+ 78. Kxd2 c5 79. e6 Kd5 80. e7 1-0

[Event "*** Titled Tuesday Blitz"]
[Site "Chess.com"]
[Date "2019.09.03"]
[Round "4"]
[White "champ2005"]
[Black "nocnypako"]
[Result "1/2-1/2"]
[WhiteElo "2849"]
[BlackElo "2596"]
[TimeControl "180+2"]
[EndTime "15:55:39 PDT"]
[Termination "Game drawn by agreement"]

1. e4 e6 2. d4 d5 3. Nc3 Bb4 4. exd5 exd5 5. Bd3 Nf6 6. Ne2 O-O 7. O-O Bg4 8. f3 Bh5 9. Bg5 c6 10. Ng3 Bg6 11. Nce2 Nbd7 12. c3 Bd6 13. Bf4 Qc7 14.
Bxd6 Qxd6 15. Qd2 Rfe8 16. Nf4 Nf8 17. Rfe1 Qd7 18. Re5 Qd6 19. Rae1 N8d7 20. Rxe8+ Rxe8 21. Rxe8+ Nxe8 22. Bf5 Kf8 23. Nd3 Nef6 24. Qe3 b6 25. Ne5 Bxf5 26. Nxf5 Qe6 27. g4 Ne8 28. Nd3 Qxe3+ 29.
Nxe3 Nd6 30. Nb4 Nb8 31. Kf2 a5 32. Nd3 f6 33. h4 Kf7 34. h5 Nd7 35. Nf4 Nf8 36.
Ke2 Ne6 37. Nd3 g6 38. hxg6+ hxg6 39. Ng2 g5 40. Ne3 Kg6 41. Kd2 Kf7 42. b3 Ke7 43. a4 Kf7 44. Nf1 Kg6 45. Ng3 Kf7 46. Nf1 Kg6 47. Ne3 Kf7 48. Ne1 Nf4 49. b4 Ke6 50. N1c2 Nb7 51. Ne1 c5 52. b5 c4 53.
N3g2 Nxg2 54. Nxg2 Nd6 55. Ne3 f5 56. gxf5+ Nxf5 57. Ng4 Nd6 58. Ke3 Nf5+ 59. Kf2 Nd6 60. Ne5 Nf7 61.
Ng4 Kf5 62. Ne3+ Ke6 63. Kg3 Nd8 64. Kg4 Nf7 65. f4 gxf4 66. Kxf4 Nd6 67. Kf3 Nf5 68.
Nc2 Nd6 69. Ne3 Nf5 70. Ng4 Nd6 71. Ne5 Nf5 72. Kf4 Nd6 73. Ke3 Nf5+ 74. Kd2 Nd6 75. Kc2 Ne4 76. Nf3 Kd6 77. Ne5 Ke6 78. Ng4 Kd6 79. Ne3 Ke6 80. Ng4 Kd6 81. Ne3 1/2-1/2

[Event "*** Titled Tuesday Blitz"]
[Site "Chess.com"]
[Date "2019.09.03"]
[Round "4"]
[White "jorquerino"]
[Black "GasconJR"]
[Result "1/2-1/2"]
[WhiteElo "2304"]
[BlackElo "2481"]
[TimeControl "180+2"]
[EndTime "15:55:47 PDT"]
[Termination "Game drawn by stalemate"]

1. e4 Nc6 2. Nc3 d6 3. g3 e5 4. Bg2 h5 5. h3 h4 6. g4 Nge7 7.
d3 Ng6 8. Nge2 Be7 9. f4 exf4 10. Nxf4 Nxf4 11. Bxf4 Bg5 12. Qd2 Bxf4 13. Qxf4 Be6 14.
O-O-O Ne7 15. d4 Ng6 16. Qd2 c6 17. Ne2 O-O 18. Kb1 Re8 19. Nf4 Nxf4 20. Qxf4 Qa5 21. d5 cxd5 22. exd5 Bd7 23. Qxd6 Ba4 24. b3 Qc3 25.
Rd3 Re1+ 26. Rxe1 Qxe1+ 27. Kb2 Bb5 28. Rc3 Qf2 29. Qc5 Qxg2 30. Qxb5 Rd8 31. Qxb7 Qf2 32.
Qc6 Qd4 33. Qc5 Qe5 34. Kb1 Qe1+ 35. Kb2 Qe5 36. Kb1 Rd6 37. Qc8+ Kh7 38. Qf5+ Qxf5 39. gxf5 Rxd5 40. Rf3 Kh6 41. c4 Rd2 42. c5 Kg5 43. Rc3 Rd7 44. c6 Rc7 45. Rc5 Kf4 46. b4 Kg3 47. Rc3+ Kf4 48. b5 Kxf5 49. a4 Ke5 50. a5 Kd6 51. b6 axb6 52. axb6 Rxc6 53.
Rd3+ Ke7 54. Rb3 Rc8 55. Rb4 g5 56. Kb2 Rb8 57. Kc3 Kd6 58. Kd4 Kc6 59. Ke4 Rxb6 60. Rc4+ Kd7 61. Kf5 f6 62. Ra4 Ke7 63. Ra7+ Kf8 64.
Rc7 Ke8 65. Ra7 Kd8 66. Rg7 Kc8 67. Rf7 Kd8 68. Rg7 Rc6 69. Rf7 Ke8 70. Ra7 Rd6 71. Rb7 Rd7 72. Rb6 Ke7 73. Re6+ Kd8 74. Rxf6 Rd5+ 75.
Kg4 Ke7 76. Rg6 Kf7 77. Rxg5 Rxg5+ 78. Kxg5 Kg7 79. Kxh4 Kh6 80. Kg4 Kg6 81. h4 Kh7 82.
h5 Kh8 83. Kg5 Kh7 84. h6 Kh8 85. Kg6 Kg8 86. h7+ Kh8 87. Kh6 1/2-1/2

[Event "*** Titled Tuesday Blitz"]
[Site "Chess.com"]
[Date "2019.09.03"]
[Round "4"]
[White "promen1999"]
[Black "gena217"]
[Result "0-1"]
[WhiteElo "2740"]
[BlackElo "2913"]
[TimeControl "180+2"]
[EndTime "15:56:43 PDT"]
[Termination "gena217 won by resignation"]

1. d4 Nf6 2. c4 e6 3. Nf3 d5 4. Nc3 a6 5. cxd5 exd5 6. Bg5 Be6 7. Bxf6 Qxf6 8. Qb3 b5 9. a4 b4 10. Nxd5 Qd8 11.
e4 c6 12. Qe3 cxd5 13. exd5 Qxd5 14. Rc1 Be7 15. Bd3 Ra7 16. Be4 Qd7 17. d5 Bh3 18. Ne5 Qd6 19. Nc4 Qd7 20. gxh3 O-O 21. O-O Rc7 22. d6 Bxd6 23. Rfd1 Rxc4 24. Rxc4 Bxh2+ 25. Kxh2 Qxd1 26. Qf4 Nd7 27. Rd4 Qxa4 28. Qf5 Nf6 29. Bd3 a5 30. Bc4 Qc6 31. Qf4 a4 32. Rd6 Qc5 33.
Ra6 a3 34. bxa3 bxa3 35. Bb3 h6 36. Qf3 Qe5+ 37. Kg2 Ne4 38. Rxa3 Qg5+ 39. Kh2 Nd2 40. Qd3 Qc5 41. Ra2 Qxf2+ 42. Kh1 Qf3+ 43. Qxf3 Nxf3 44. Ra4 Ne5 45. Re4 Ng6 46. Rg4 Ne7 47. Re4 Nc8 48. Rd4 Ne7 49. Rd7 Nc6 50. Kg2 Ne5 51. Re7 Ng6 52.
Rb7 Nh8 53. Kg3 g6 54. h4 Kg7 55. Kg4 Rd8 56. h5 Rd4+ 57. Kf3 gxh5 58. Ke3 Rg4 59. Bd1 Rg5 60. Bb3 Rf5 61. Bc2 Rf6 62. Bd1 h4 63.
Rb4 Ng6 64. Rg4 Re6+ 65. Kf2 Re5 66. Bc2 Rg5 67. Rd4 h3 68. Be4 Ne5 69. Bh1 h5 70. Rh4 f5 71. Rxh3 f4 72. Ra3 Kf6 73. Be4 Rg7 74. Ra5 Re7 75. Bc2 Kg5 76. Ra8 Ng4+ 77. Kf3 Re3+ 78. Kg2 Re2+ 79. Kf3 Rf2+ 80. Ke4 Rxc2 81. Ra5+ Kh4 82. Kxf4 Rf2+ 83. Ke4 Rf8 84. Rb5 Kg3 85. Rb3+ Kg2 86. Rb2+ Nf2+ 87. Ke3 h4 88. Rb7 h3 89. Rg7+ Kh2 90. Ke2 Nh1 91. Ke3 Ng3 92. Ra7 Nf1+ 93. Ke2 Kg2 94. Ra2 h2 95. Ke1+ Kg1 96.
Re2 h1=Q 97. Re5 Qh4+ 98. Ke2 Rf2+ 99. Kd3 Rd2+ 100. Kc3 Qd4+ 0-1

[Event "*** Titled Tuesday Blitz"]
[Site "Chess.com"]
[Date "2019.09.03"]
[Round "4"]
[White "DrMelekess"]
[Black "daro94"]
[Result "0-1"]
[WhiteElo "2695"]
[BlackElo "2880"]
[TimeControl "180+2"]
[EndTime "15:56:47 PDT"]
[Termination "daro94 won by resignation"]

1. d4 Nf6 2. Nf3 d5 3. e3 e6 4. c4 b6 5. Nc3 Bb7 6. Be2 Nbd7 7. O-O Bd6 8. b3 O-O 9. Bb2 a6 10. Rc1 Qe7 11. h3 Rfe8 12. Qc2 Rac8 13. Rfe1 c5 14. dxc5 bxc5 15. Rcd1 Red8 16. Na4 Ne4 17. Bd3 f5 18. Be2 Bb8 19. Rd3 Ndf6 20. Red1 Bc6 21. Nc3 Qc7 22. Nb1 Qb7 23. Be5 Bxe5 24. Nxe5 Be8 25. Nc3 Qb8 26. Nf3 Bf7 27. Na4 a5 28. a3 h6 29. Qc1 g5 30. Nd2 h5 31. Nf1 g4 32.
h4 Bg6 33. Nc3 Bf7 34. Nb5 g3 35. Nxg3 Nxg3 36. fxg3 Ne4 37. Bf3 Qxg3 38. Bxe4 fxe4 39. Rc3 Qxh4 40. Rf1 Qg5 41. Qe1 Be8 42. Qf2 Bxb5 43. Qf7+ Kh8 44. cxb5 Rg8 45. Rf2 Rcf8 46. Qxf8 Rxf8 47.
Rxf8+ Kg7 48. Rf2 d4 49. exd4 cxd4 50. Rc7+ Kg6 51. Rcf7 d3 52. R2f6+ Qxf6 53. Rxf6+ Kxf6 54. Kf2 Ke5 55. Ke3 h4 56. Kd2 Kd5 57. Ke3 Kc5 58. a4 Kb6 59. Kd2 Kc7 60. Ke3 Kb6 61. Kd2 Kc5 62. Kc3 Kd5 63. Kd2 e5 64. Kc3 Kc5 65. Kd2 Kd6 66. Kc3 Ke6 67. Kd2 Kd6 68. Kc3 Kd5 69. Kd2 Kc5 70. Kc3 Kb6 71. Kd2 Kc7 72. Kc3 Kd6 73. Kd2 Kc5 74. Kc3 Kd5 75. Kd2 Kd4 76. b6 e3+ 77. Ke1 Kc3 78. b7 d2+ 79.
Ke2 Kc2 80. b8=Q d1=Q+ 81. Kxe3 Qe1+ 82. Kf3 Qg3+ 83. Ke4 Qxg2+ 84. Kf5 Qf3+ 85. Ke6 Qxb3+ 0-1

[Event "*** Titled Tuesday Blitz"]
[Site "Chess.com"]
[Date "2019.09.03"]
[Round "4"]
[White "Alexander_Moskalenko"]
[Black "Orest_Vovk"]
[Result "1/2-1/2"]
[WhiteElo "2827"]
[BlackElo "2238"]
[TimeControl "180+2"]
[EndTime "15:57:05 PDT"]
[Termination "Game drawn by repetition"]

1. c4 g5 2. d4 h6 3. Nc3 Bg7 4. e3 c5 5. d5 Bxc3+ 6. bxc3 d6 7. h4 g4 8. e4 Qa5 9. Bd2 Nf6 10.
Bd3 Nbd7 11. Ne2 Ne5 12. Qc2 Nxd3+ 13. Qxd3 Qa4 14. Bf4 Nh5 15. Bh2 b6 16. e5 Ba6 17.
exd6 Qxc4 18. d7+ Kd8 19. Qxc4 Bxc4 20. Rd1 Kxd7 21. a3 Rhg8 22. Nf4 Nxf4 23. Bxf4 h5 24. Rd2 Rad8 25. Kd1 Kc8 26. Re1 e6 27. dxe6 Rxd2+ 28. Bxd2 Bxe6 29. Re5 Rh8 30. Bf4 Rd8+ 31. Kc2 Rd5 32.
Rxd5 Bxd5 33. g3 Bc4 34. Be5 Kd7 35. Bb8 a6 36. Kd2 Kc6 37. Kc2 Kb5 38. Bc7 Be6 39. Bd8 Bf5+ 40. Kb2 Kc6 41. Kc1 b5 42. Be7 Kd5 43. Kb2 Kc4 44. Bf8 a5 45. Be7 a4 46. Bf8 Be4 47. Be7 Bf3 48. Bf8 Bd1 49.
Be7 Bb3 50. Bf8 Kd5 51. Be7 Bc4 52. Kc2 Bf1 53. Kb2 Bd3 54. Bf8 f5 55. Be7 Be4 56. Bf8 Kc4 57. Be7 Bg2 58. Kc2 Bc6 59. Kb2 Kd5 60.
Bf8 Bd7 61. Kc2 Kc4 62. Kb2 Be6 63. Be7 Bd5 64. Bf8 Be4 65. Be7 Bd3 66. Bf8 Kd5 67. Be7 Kc4 68. Bd6 Bf1 69. Be7 Bg2 70. Kc2 Bc6 71.
Kb2 Be8 72. Kc2 Bf7 73. Kb2 Bg6 74. Bd6 Kd5 75. Be7 c4 76. Kc1 Ke4 77. Kd2 f4 78. Bd6 f3 79. Bb4 Bf5 80. Ba5 Be6 81. Bb4 Bd5 82.
Bc5 Bc6 83. Be3 Kd5 84. Bf4 Be8 85. Ke3 Bg6 86. Kd2 Bh7 87. Bh6 Bg6 88. Bg7 Bf5 89.
Ke3 Bg6 90. Bf8 Be8 91. Kf4 Bf7 92. Bb4 Be8 93. Kf5 Bd7+ 94. Kf4 Be8 95. Ba5 Bd7 96. Bd8 Be8 97. Be7 Bd7 98. Bf8 Be8 99. Bb4 Bf7 100.
Kf5 Be8 101. Kf4 Bg6 102. Ba5 Be8 103. Bb4 1/2-1/2

[Event "*** Titled Tuesday Blitz"]
[Site "Chess.com"]
[Date "2019.09.03"]
[Round "4"]
[White "pedromartinez91"]
[Black "filali-marouan"]
[Result "1/2-1/2"]
[WhiteElo "2507"]
[BlackElo "2351"]
[TimeControl "180+2"]
[EndTime "15:57:21 PDT"]
[Termination "Game drawn - insufficient material"]

1. e4 c6 2. c4 d5 3. exd5 cxd5 4. cxd5 Qxd5 5. Nc3 Qd8 6. d4 Nf6 7. Bc4 e6 8. Nf3 Be7 9. O-O O-O 10. Qe2 a6 11. Rd1 b5 12. Bb3 Bb7 13. Bg5 h6 14. Bh4 Nbd7 15.
Ne5 Nh7 16. Bxe7 Qxe7 17. Nxd7 Qxd7 18. d5 exd5 19. Nxd5 Rae8 20. Qh5 Qd6 21. Rd3 Re5 22. Qd1 Rg5 23. f4 Rg6 24. f5 Rg5 25. h4 Qc5+ 26. Kh2 Rxf5 27. Rc1 Qd6+ 28. Kg1 Bxd5 29. Bxd5 Qb6+ 30.
Kh2 Nf6 31. Bf3 h5 32. Rd6 Qb8 33. Kh1 Ng4 34. Bxg4 hxg4 35. Qxg4 Qxd6 36. Qxf5 Qd2 37. Qc2 Qf4 38. Kg1 Rd8 39. Rf1 Qxh4 40. Qf5 Qd4+ 41. Kh1 Qd5 42. Qxd5 Rxd5 43. Rf2 f5 44. Kh2 Kf7 45.
g4 Kf6 46. gxf5 Rxf5 47. Rc2 a5 48. Kg3 Kg5 49. Rc7 g6 50. a3 a4 51. Re7 Rd5 52. Re3 Kf5 53. Rf3+ Ke4 54. Rf4+ Kd3 55. Rb4 Rc5 56.
b3 axb3 57. Rxb3+ Kc4 58. Rb4+ Kd5 59. a4 Rc3+ 60. Kg2 Rc2+ 61. Kg3 Rc3+ 62. Kg2 bxa4 63. Rxa4 Ke5 64. Ra5+ Kf6 65. Ra2 Kg5 66. Rf2 Kh5 67. Ra2 g5 68. Rf2 Kh4 69. Ra2 g4 70. Rd2 Rg3+ 71.
Kh2 Rh3+ 72. Kg2 Rg3+ 73. Kh2 Rf3 74. Ra2 Rf4 75. Kg2 Rc4 76. Rb2 Rd4 77. Rc2 Rf4 78.
Re2 Kg5 79. Re5+ Kf6 80. Ra5 Rc4 81. Kg3 Rd4 82. Rb5 Rc4 83. Kh4 Rd4 84. Rb6+ Kf5 85. Rb8 Kf4 86. Rf8+ Ke3 87. Kg3 Ke2 88. Re8+ Kf1 89.
Re3 Ra4 90. Rd3 Re4 91. Ra3 Rd4 92. Ra2 Rc4 93. Rf2+ Ke1 94. Ra2 Kf1 95. Kh4 Kg1 96. Rd2 Kf1 97. Kg3 Rc3+ 98. Kxg4 Ra3 99. Rb2 Ke1 100.
Rb1+ Kd2 101. Rg1 Ke2 102. Rg2+ Kf1 103. Rg3 Rxg3+ 104. Kxg3 1/2-1/2

[Event "*** Titled Tuesday Blitz"]
[Site "Chess.com"]
[Date "2019.09.03"]
[Round "4"]
[White "DishonorOnYourCow"]
[Black "Semajkcalbk"]
[Result "0-1"]
[WhiteElo "2206"]
[BlackElo "2440"]
[TimeControl "180+2"]
[EndTime "15:57:25 PDT"]
[Termination "Semajkcalbk won by resignation"]

1. d4 d5 2. c4 c6 3. Nf3 Nf6 4.
e3 Bf5 5. Nc3 e6 6. Nh4 Be4 7.
f3 Bg6 8. Qb3 Qc7 9. Nxg6 hxg6 10. g3 Bd6 11. Ne2 Nbd7 12. c5 Be7 13. Bg2 b6 14. cxb6 axb6 15. e4 dxe4 16. fxe4 e5 17. O-O O-O 18. dxe5 Nxe5 19. Bf4 Bc5+ 20. Kh1 Nfg4 21. h3 Nf2+ 22. Kh2 Qe7 23. Rac1 Rad8 24. Rc3 g5 25. Bxe5 Qxe5 26. Rf3 g4 27. R3xf2 Bxf2 28.
Rxf2 gxh3 29. Bxh3 b5 30. Bg2 Rd6 31. Qc3 Rh6+ 32.
Kg1 Qh5 33. Nf4 Qd1+ 34. Rf1 Qd6 35. Qe3 Re8 36. Qe2 Qd4+ 37. Qf2 Qd7 38. Qe2 Rd6 39.
Qf3 Qa7+ 40. Qf2 Qxa2 41. Nh5 Re5 42. g4 Qc4 43. Qf4 Qd4+ 44. Kh2 Re7 45. Ng3 Qe5 46.
Qxe5 Rxe5 47. Nf5 Rd2 48. Kg3 Rxb2 49. Rd1 Re8 50. Rd6 Rb3+ 51. Kf4 c5 52. Rc6 c4 53.
Bf3 Rb1 54. e5 Re1 55. Rc5 Rb1 56. Be4 Rb3 57. Nd4 Rb2 58. Rxb5 Rxb5 59. Nxb5 Rc8 60. Nc3 Kf8 61. Ke3 Ke7 62. Kd4 Ke6 63. Bd5+ Ke7 64. Bxc4 Rh8 65. Nd5+ Kf8 66. Ne3 Rh1 67.
Ke4 Rh2 68. Bd5 g6 69. Kf4 Kg7 70. Nc4 Rh8 71. Nd6 f6 72. exf6+ Kxf6 73. Ne4+ Kg7 74. Kg5 Rb8 75. Kf4 Rf8+ 76. Ke5 Re8+ 77. Be6 Ra8 78. Ng5 Ra5+ 79. Kf4 Kf6 80. Ne4+ Kxe6 81. Ng5+ Kf6 82. Ne4+ Kg7 83. Nd6 Rd5 84. Ne4 Kh6 85. Nf6 Rd4+ 86. Ne4 Ra4 87. Ke5 Kg7 88. Kf4 Kf7 89. Ke5 Ra5+ 90. Kf4 Ke6 91. Ng5+ Kd6 92. Ne4+ Kd5 93. Nf6+ Kd4 94. Nh7 Rd5 95. Nf8 g5+ 96. Kf3 Re5 97. Nh7 Re3+ 98. Kf2 Re5 99. Kf3 Ra5 100. Nf6 Ke5 101. Nh7 Ra3+ 102. Kf2 Kf4 103. Nf6 Ra6 104. Nd5+ Kxg4 105. Ne3+ Kh3 106. Kf3 Rf6+ 107. Ke2 g4 0-1

[Event "*** Titled Tuesday Blitz"]
[Site "Chess.com"]
[Date "2019.09.03"]
[Round "4"]
[White "AllStarShark"]
[Black "Gentlejimmy7"]
[Result "1/2-1/2"]
[WhiteElo "2363"]
[BlackElo "2513"]
[TimeControl "180+2"]
[EndTime "15:57:29 PDT"]
[Termination "Game drawn by stalemate"]

1. c4 Nf6 2. Nc3 d5 3. cxd5 Nxd5 4. Nf3 g6 5. g3 Bg7 6. Bg2 Nxc3 7. bxc3 O-O 8. O-O c5 9. d4 Nc6 10. e3 Qc7 11.
Ba3 b6 12. dxc5 Rd8 13. cxb6 axb6 14. Qc1 Bb7 15. Bb2 Na5 16. Rd1 Nc4 17. Qc2 Nxb2 18. Qxb2 Qxc3 19. Qxc3 Bxc3 20. Rxd8+ Rxd8 21. Rc1 Bf6 22. Ne1 Bxg2 23. Kxg2 Rd2 24. Rc2 Rd1 25. Nf3 Ra1 26. Rc6 Rxa2 27. Rxb6 Kg7 28. h4 h5 29. Rb7 e6 30. Rb5 Bc3 31. Rc5 Bf6 32. Rb5 Rc2 33. Rb7 Rc5 34. Ra7 Rc8 35. Rb7 Re8 36. Ra7 Re7 37.
Ra8 Rd7 38. Ra6 Bd8 39. Ne5 Rd5 40. Nf3 Bf6 41. Ra7 Kf8 42. Rb7 Ke8 43. Ra7 Rd7 44. Ra8+ Rd8 45. Ra7 Rd7 46. Ra8+ Ke7 47. Ra6 Rb7 48.
Ra8 Kd7 49. Rf8 Ke7 50. Rc8 Kd6 51. Ra8 Rc7 52. Ra6+ Kd5 53. Ra5+ Kc4 54. Ra4+ Kd3 55. Ra3+ Bc3 56. Ne5+ Kc2 57. Nf3 Bb2 58. Ra6 Bc3 59. Rd6 Bb4 60. Rd8 Bc3 61. Nd4+ Bxd4 62. Rxd4 Kc3 63.
Kf3 Rc5 64. Rd7 Rf5+ 65. Ke2 Kc4 66. e4 Rf6 67. Ke3 e5 68. f4 exf4+ 69. gxf4 Kc5 70.
e5 Rf5 71. Ke4 Kc6 72. Rd6+ Kc7 73. Rd1 Kc6 74. Rd2 Kc7 75. Rd6 Kc8 76. e6 fxe6 77. Rxe6 Ra5 78. Rxg6 Ra4+ 79. Ke5 Ra5+ 80. Kf6 Ra4 81.
Kg5 Kd7 82. f5 Ke7 83. Rg7+ Kf8 84. Rb7 Kg8 85. Kxh5 Ra1 86. f6 Rg1 87. Kh6 Rf1 88. Kg5 Rg1+ 89. Kf5 Rf1+ 90. Ke6 Re1+ 91. Kf5 Rf1+ 92.
Kg5 Rg1+ 93. Kh6 Rf1 94. Rg7+ Kf8 95. Kg6 Rg1+ 96. Kh7 Rf1 97. Kg6 Rg1+ 98. Kh7 Rf1 99. Rg6 Kf7 100. h5 Rxf6 101. Rxf6+ Kxf6 102. h6 Kf7 103. Kh8 Kf8 104. h7 Kf7 1/2-1/2

[Event "*** Titled Tuesday Blitz"]
[Site "Chess.com"]
[Date "2019.09.03"]
[Round "5"]
[White "VladDobrov"]
[Black "Firouzja2003"]
[Result "1/2-1/2"]
[WhiteElo "2885"]
[BlackElo "3043"]
[TimeControl "180+2"]
[EndTime "15:58:39 PDT"]
[Termination "Game drawn by agreement"]

1. d4 Nf6 2. c4 e6 3. Nf3 d5 4.
Nc3 Be7 5. Bf4 O-O 6. e3 Nbd7 7. a3 c5 8. cxd5 Nxd5 9. Nxd5 exd5 10. dxc5 Nxc5 11.
Be5 Bf6 12. Bxf6 Qxf6 13. Qd4 Qxd4 14. Nxd4 Bd7 15. f3 1/2-1/2

[Event "*** Titled Tuesday Blitz"]
[Site "Chess.com"]
[Date "2019.09.03"]
[Round "5"]
[White "Ar4uha"]
[Black "x-6099009240"]
[Result "1-0"]
[WhiteElo "2512"]
[BlackElo "2342"]
[TimeControl "180+2"]
[EndTime "16:00:03 PDT"]
[Termination "Ar4uha won by checkmate"]

1. e4 c5 2. Nf3 d6 3. Bb5+ Bd7 4. Bxd7+ Qxd7 5. O-O Nc6 6. c3 Nf6 7. d4 cxd4 8. cxd4 e6 9. d5 exd5 10. exd5 Ne5 11.
Nc3 Be7 12. Nxe5 dxe5 13. Re1 Bd6 14. Bg5 h6 15. Bxf6 gxf6 16. Ne4 Be7 17. d6 Bd8 18. Nc5 Qb5 19. Qd5 Rb8 20. Rxe5+ fxe5 21. Qxe5+ Kf8 22. Qxh8# 1-0

[Event "*** Titled Tuesday Blitz"]
[Site "Chess.com"]
[Date "2019.09.03"]
[Round "5"]
[White "AllStarShark"]
[Black "harvsp123"]
[Result "0-1"]
[WhiteElo "2354"]
[BlackElo "2538"]
[TimeControl "180+2"]
[EndTime "16:00:22 PDT"]
[Termination "harvsp123 won by resignation"]

1. c4 g6 2. Nc3 c5 3. g3 Bg7 4. Bg2 Nc6 5. Nf3 d6 6. O-O e6 7.
Rb1 Nge7 8. a3 O-O 9. e3 b6 10. d4 Ba6 11. b3 Rc8 12. Re1 d5 13. dxc5 Bxc3 14. Nd2 dxc4 15. cxb6 axb6 16. Nxc4 Bxe1 0-1

[Event "*** Titled Tuesday Blitz"]
[Site "Chess.com"]
[Date "2019.09.03"]
[Round "5"]
[White "GasconJR"]
[Black "saraswathii"]
[Result "1-0"]
[WhiteElo "2485"]
[BlackElo "2292"]
[TimeControl "180+2"]
[EndTime "16:00:23 PDT"]
[Termination "GasconJR won by resignation"]

1. Nf3 c5 2. e4 e6 3. c3 Nf6 4. e5 Nd5 5. d4 cxd4 6. cxd4 Nc6 7. Nc3 Nxc3 8. bxc3 d6 9. exd6 Bxd6 10. Bd3 O-O 11. O-O h6 12. Qe2 Re8 13. Qe4 f5 14. Qe2 e5 15. Bc4+ Kh8 16. Ng5 Qe7 17.
Nf7+ Kh7 18. Qh5 Be6 19. Bxe6 Qxe6 20. Ng5+ 1-0

[Event "*** Titled Tuesday Blitz"]
[Site "Chess.com"]
[Date "2019.09.03"]
[Round "5"]
[White "Jahonas"]
[Black "grzechu96"]
[Result "0-1"]
[WhiteElo "2405"]
[BlackElo "2591"]
[TimeControl "180+2"]
[EndTime "16:00:38 PDT"]
[Termination "grzechu96 won by resignation"]

1. d4 e6 2. Nf3 c5 3. e3 Nf6 4.
Be2 Nc6 5. O-O d5 6. a3 b6 7. c4 cxd4 8. Nxd4 Nxd4 9. Qxd4 Bc5 10. Qh4 O-O 11. b4 Be7 12. Qd4 Ne4 13. Ra2 Bf6 14.
Qd1 Bb7 15. Bb2 Rc8 16. Bxf6 Qxf6 17. cxd5 Bxd5 0-1

[Event "*** Titled Tuesday Blitz"]
[Site "Chess.com"]
[Date "2019.09.03"]
[Round "5"]
[White "Vasily_Papin"]
[Black "kuli4ik"]
[Result "0-1"]
[WhiteElo "2580"]
[BlackElo "2793"]
[TimeControl "180+2"]
[EndTime "16:01:13 PDT"]
[Termination "kuli4ik won by resignation"]

1. c4 e5 2. g3 Nc6 3. Bg2 Bc5 4. a3 a6 5. b4 Ba7 6. Bb2 d6 7. e3 Nge7 8. Ne2 O-O 9. O-O Be6 10.
Qc2 Qd7 11. Re1 Bh3 12. Bh1 f5 13. d4 Ng6 14. dxe5 dxe5 15. c5 f4 16. Nbc3 Qg4 17.
exf4 exf4 18. f3 Qh5 19. g4 Bxg4 20. fxg4 Qxg4+ 21. Kf1 f3 22. Ng3 Qh3+ 23. Kg1 f2+ 24. Qxf2 Rxf2 25. Kxf2 Qxh2+ 0-1

[Event "*** Titled Tuesday Blitz"]
[Site "Chess.com"]
[Date "2019.09.03"]
[Round "5"]
[White "LADIESGET2KNOWME"]
[Black "goofypenguin96"]
[Result "0-1"]
[WhiteElo "2445"]
[BlackElo "2288"]
[TimeControl "180+2"]
[EndTime "16:01:20 PDT"]
[Termination "goofypenguin96 won by resignation"]

1. g3 c6 2. Bg2 d5 3. Nf3 Bg4 4. O-O Nd7 5. d3 e5 6. Nbd2 Ngf6 7. h3 Bh5 8. c4 Bd6 9. b3 O-O 10. Bb2 Re8 11. e4 a5 12. a3 Bc7 13. Qc2 Qe7 14.
Rfe1 Rad8 15. g4 Bg6 16. Nh4 dxe4 17. dxe4 Nc5 18. Nf5 Bxf5 19. exf5 Nd3 20. Re3 Nxb2 21. Qxb2 Qc5 22. Rae1 Bb6 23. b4 Qd4 24. Qxd4 Bxd4 25. Rd3 Bxf2+ 26. Kxf2 Rxd3 27. Nf3 Rxa3 28. bxa5 e4 29.
Ng5 e3+ 30. Kf3 h6 0-1

[Event "*** Titled Tuesday Blitz"]
[Site "Chess.com"]
[Date "2019.09.03"]
[Round "5"]
[White "boasovietica"]
[Black "chessking2151"]
[Result "0-1"]
[WhiteElo "2454"]
[BlackElo "2617"]
[TimeControl "180+2"]
[EndTime "16:01:26 PDT"]
[Termination "chessking2151 won by resignation"]

1. e4 e5 2. Nf3 Nc6 3. Bb5 a6 4. Ba4 Nf6 5. O-O Be7 6. Re1 b5 7. Bb3 O-O 8. h3 Bb7 9. c3 d5 10. exd5 Nxd5 11. Nxe5 Nxe5 12. Rxe5 Nf4 13. d4 Nxg2 14.
Qg4 Nh4 15. Bg5 Bxg5 16. Rxg5 Qxg5 0-1

[Event "*** Titled Tuesday Blitz"]
[Site "Chess.com"]
[Date "2019.09.03"]
[Round "5"]
[White "ckgchess"]
[Black "nurgyulsalimova"]
[Result "1-0"]
[WhiteElo "2746"]
[BlackElo "2528"]
[TimeControl "180+2"]
[EndTime "16:01:29 PDT"]
[Termination "ckgchess won by resignation"]

1. e4 c5 2. Nf3 Nc6 3. Bb5 e6 4. O-O Nge7 5. b3 a6 6. Bxc6 Nxc6 7. Bb2 f6 8. d4 cxd4 9. Nxd4 Bc5 10. Qh5+ g6 11.
Qxc5 Kf7 12. Nxc6 bxc6 13. Nd2 d6 14. Qxc6 Ra7 15. Nc4 Rc7 16. Qxd6 Bd7 17. Rad1 Qa8 1-0

[Event "*** Titled Tuesday Blitz"]
[Site "Chess.com"]
[Date "2019.09.03"]
[Round "5"]
[White "Niclox"]
[Black "nOcHeaTiNgKiD"]
[Result "1-0"]
[WhiteElo "2621"]
[BlackElo "2460"]
[TimeControl "180+2"]
[EndTime "16:02:29 PDT"]
[Termination "Niclox won by resignation"]

1. e4 e5 2. Qh5 Nc6 3. Bc4 g6 4. Qf3 Nf6 5. Ne2 d6 6. Nbc3 Bg7 7. d3 h6 8. h3 Be6 9. g4 Nd7 10. Be3 Nb6 11. Bxe6 fxe6 12. O-O-O Qf6 13. Qg2 Qe7 14. Rdf1 O-O-O 15. f4 d5 16. Bxb6 axb6 17. exd5 exd5 18. Nxd5 Qc5 19. Ndc3 exf4 20. Rxf4 Bxc3 21. Nxc3 Nb4 22. Rc4 Qa5 23. Qg3 Nc6 24. Rf1 Qe5 25. Qxe5 Nxe5 26. Re4 Rhe8 27. Rfe1 1-0

[Event "*** Titled Tuesday Blitz"]
[Site "Chess.com"]
[Date "2019.09.03"]
[Round "5"]
[White "platy3"]
[Black "mitrabhaa"]
[Result "1-0"]
[WhiteElo "2870"]
[BlackElo "2647"]
[TimeControl "180+2"]
[EndTime "16:02:30 PDT"]
[Termination "platy3 won by resignation"]

1. e4 c6 2. d4 d5 3. e5 Bf5 4.
Nf3 e6 5. Be2 Ne7 6. c3 Nd7 7.
O-O c5 8. dxc5 Nxc5 9. Be3 Nc6 10. Nd4 Bg6 11. c4 dxc4 12. Nxc6 bxc6 13. Qc1 Bd3 14. Rd1 Qd5 15. Bf3 Qd7 16. Na3 Qc7 17. Nxc4 Bxc4 18. Qxc4 Nd7 19. Rxd7 Kxd7 20. Rd1+ Kc8 21. Bxc6 Be7 22.
Qa6+ Kb8 23. Qb5+ Kc8 24. Bd7+ Kd8 25. Bxe6+ 1-0

[Event "*** Titled Tuesday Blitz"]
[Site "Chess.com"]
[Date "2019.09.03"]
[Round "5"]
[White "iLuusions"]
[Black "Kildepiotr"]
[Result "0-1"]
[WhiteElo "2604"]
[BlackElo "2495"]
[TimeControl "180+2"]
[EndTime "16:02:31 PDT"]
[Termination "Kildepiotr won by resignation"]

1. d4 c5 2. d5 e5 3. c4 d6 4. Nc3 Be7 5. e4 Bg5 6. Qa4+ Bd7 7. Qb3 b6 8. Bxg5 Qxg5 9. Nb5 Bxb5 10. Qxb5+ Kd8 11.
a4 Nd7 12. Qc6 Rc8 13. Qxd6 Nf6 14. g3 Nxe4 15. Nf3 Qf5 16. Bh3 Nxd6 0-1

[Event "*** Titled Tuesday Blitz"]
[Site "Chess.com"]
[Date "2019.09.03"]
[Round "5"]
[White "Benjoneliere44"]
[Black "Caisachess"]
[Result "0-1"]
[WhiteElo "2509"]
[BlackElo "2294"]
[TimeControl "180+2"]
[EndTime "16:02:42 PDT"]
[Termination "Caisachess won by resignation"]

1. e4 e5 2. Nf3 Nc6 3. Bb5 f5 4. d4 fxe4 5. Nxe5 Nxe5 6. dxe5 c6 7. Bc4 Qa5+ 8. Nc3 Qxe5 9. O-O Nf6 10. g3 d5 11. Bf4 Qf5 12. Bb3 Qh3 13. f3 Bc5+ 14.
Kh1 exf3 15. Qxf3 O-O 16. Rae1 Bg4 17. Qg2 Qh5 18. h4 Rae8 19. Ne4 Nxe4 20. Rxe4 Kh8 21. Rxe8 Rxe8 22. Qd2 Bf3+ 0-1